 Dungeon Crawl Stone Soup version 0.24-a0-487-g57318f2ed0 (webtiles) character file.

Game seed: 9294202290607007639

69531 Azzok the Eclecticist (level 14, -5/68 HPs)
             Began as a Deep Elf Earth Elementalist on July 10, 2019.
             Was a High Priest of Sif Muna.
             Slain by a meliai (shapeshifter) (7 damage)
             ... on level 14 of the Dungeon.
             The game lasted 00:52:56 (31063 turns).

Azzok the Eclecticist (DEEE)                       Turns: 31063, Time: 00:52:56

Health: -5/68      AC: 10    Str: 13    XL:     14   Next: 90%
Magic:  13/54      EV: 24    Int: 26    God:    Sif Muna [*****.]
Gold:   1268       SH:  0    Dex: 15    Spells: 28/52 levels left

rFire    . . .     SeeInvis .   C - staff of power
rCold    . . .     Gourm    .   (no shield)
rNeg     + + .     Faith    +   M - +2 robe {MR+}
rPois    .         Spirit   .   (no helmet)
rElec    .         Reflect  .   z - +2 cloak
rCorr    .         Harm     .   a - +0 pair of gloves
MR       ++...                  Q - +1 pair of boots of Tyecaduz {rC+ Str+4 Stlth+}
Stlth    +++.......             k - amulet of faith
HPRegen  0.21/turn              O - ring of Phasing {EV+8}
MPRegen  0.34/turn              W - ring "Goharyne" {Wiz +Blink rC- rN++ Str+4}

@: very slightly contaminated, invisible
A: no striking features
a: Channel Magic, Forget Spell, Divine Exegesis, Renounce Religion, Evoke Blink


You were on level 14 of the Dungeon.
You worshipped Sif Muna.
Sif Muna was extremely pleased with you.
You were not hungry.

You visited 3 branches of the dungeon, and saw 22 of its levels.
You also visited: Gauntlet.

You collected 2050 gold pieces.
You spent 782 gold pieces at shops.

Inventory:

Missiles
 b - 381 stones (quivered)
Armour
 a - a +0 pair of gloves (worn)
 h - a +0 buckler
 z - a +2 cloak (worn)
 M - a +2 robe of magic resistance (worn)
 Q - the +1 pair of boots of Tyecaduz (worn) {rC+ Str+4 Stlth+}
   (You found it in a Gauntlet)

   It affects your strength (+4).
   It protects you from cold.
   It makes you more stealthy.
Magical Staves
 C - an uncursed staff of power (weapon)
 X - an uncursed staff of poison
Jewellery
 k - an amulet of faith (around neck)
 r - an uncursed ring of magical power
 x - an uncursed ring of protection from fire
 E - an uncursed ring of protection from cold
 O - the ring of Phasing (left hand) {EV+8}
   (You found it in a Gauntlet)

   [ring of evasion]

   It affects your evasion (+8).
 T - an uncursed ring of resist corrosion
 W - the ring "Goharyne" (right hand) {Wiz +Blink rC- rN++ Str+4}
   (You bought it in a shop on level 6 of the Dungeon)

   [ring of wizardry]

   It improves your spell success rate.
   It affects your strength (+4).
   It makes you vulnerable to cold.
   It greatly protects you from negative energy.
   It lets you blink.
Wands
 j - a wand of iceblast (14)
 F - a wand of clouds (6)
 L - a wand of paralysis (13)
 N - a wand of scattershot (4)
 R - a wand of enslavement (9)
 S - a wand of digging (7)
Scrolls
 c - a scroll of noise {unknown}
 f - 6 scrolls of enchant armour
 g - 6 scrolls of immolation {unknown}
 i - 4 scrolls of blinking {unknown}
 m - 3 scrolls of magic mapping
 s - 10 scrolls of teleportation {unknown}
 t - 3 scrolls of fear {unknown}
 u - a scroll of summoning {unknown}
 v - a scroll of amnesia {unknown}
 y - 6 scrolls of fog {unknown}
 B - 9 scrolls of remove curse {unknown}
 G - a scroll of enchant weapon {unknown}
 I - 2 scrolls of vulnerability {unknown}
Potions
 e - 8 potions of curing
 l - 3 potions of resistance
 o - 2 potions of ambrosia
 w - a potion of mutation {!q}
 A - 4 potions of lignification {unknown}
 D - a potion of flight {unknown}
 H - 3 potions of haste {unknown}
 J - a potion of berserk rage {unknown}
 K - 3 potions of might
 V - a potion of magic
Miscellaneous
 p - a lightning rod (4/4)
 U - 2 boxes of beasts
Comestibles
 d - 17 rations


   Skills:
 - Level 6.0 Dodging
 - Level 2.4 Stealth
 + Level 1.0 Shields
 + Level 19.9 Spellcasting
 - Level 5.0 Conjurations
   Level 1.1 Transmutations
 + Level 17.3 Earth Magic
 - Level 12.0 Invocations


You had 28 spell levels left.
You knew the following spells:

 Your Spells              Type           Power        Failure   Level  Hunger
a - Sandblast             Erth           ######       0%          1    None
b - Iron Shot             Conj/Erth      ######....   1%          6    ##.....
c - Stone Arrow           Conj/Erth      ######       1%          3    None
d - Lee's Rapid Deconstr  Erth           #######...   1%          5    None
e - Shatter               Erth           #######...   45%         9    #######

Your spell library contained the following spells:

 Spells                   Type           Power        Failure   Level  Hunger
 Beastly Appendage        Tmut           ####..       1%          1    None
 Corona                   Hex            ####...      1%          1    None
 Freeze                   Ice            ####         1%          1    None
 Infusion                 Chrm           ####         1%          1    None
 Sting                    Conj/Pois      ####         1%          1    None
 Passwall                 Tmut/Erth      ######..     1%          2    None
 Poisonous Vapours        Pois/Air       ####..       1%          2    None
 Shroud of Golubria       Chrm/Tloc      ####..       1%          2    None
 Slow                     Hex            ####....     1%          2    None
 Song of Slaying          Chrm           ####....     1%          2    None
 Sticks to Snakes         Tmut           ####....     1%          2    None
 Throw Frost              Conj/Ice       #####.       1%          2    None
 Confuse                  Hex            ####....     1%          3    None
 Inner Flame              Hex/Fire       ####....     1%          3    None
 Mephitic Cloud           Conj/Pois/Air  ####....     1%          3    None
 Ozocubu's Armour         Chrm/Ice       ####....     1%          3    None
 Portal Projectile        Hex/Tloc       ####..       1%          3    None
 Recall                   Summ/Tloc      N/A          1%          3    None
 Regeneration             Chrm/Necr      ####......   1%          3    None
 Spectral Weapon          Hex/Chrm       ####....     1%          3    None
 Spider Form              Tmut/Pois      ####......   1%          3    None
 Summon Guardian Golem    Hex/Summ       ####....     1%          3    None
 Tukima's Dance           Hex            ####....     1%          3    None
 Leda's Liquefaction      Hex/Erth       ######....   1%          4    None
 Petrify                  Tmut/Erth      ######..     1%          4    None
 Bolt of Magma            Conj/Fire/Erth ######....   1%          5    None
 Throw Icicle             Conj/Ice       #####...     2%          4    None
 Ice Form                 Ice/Tmut       ####....     5%          4    None
 Cause Fear               Hex            ####......   7%          4    None
 Olgreb's Toxic Radiance  Pois           ####....     7%          4    None
 Summon Ice Beast         Ice/Summ       ####....     7%          4    None
 Iskenderun's Battlesphe  Conj/Chrm      #####...     7%          5    None
 Lightning Bolt           Conj/Air       #####.....   7%          5    None
 Venom Bolt               Conj/Pois      #####.....   7%          5    None
 Blade Hands              Tmut           ####......   12%         5    None
 Yara's Violent Unravell  Hex/Tmut       ####......   16%         5    None
 Metabolic Englaciation   Hex/Ice        ####......   19%         5    None
 Silence                  Hex/Air        ####......   19%         5    None
 Summon Demon             Summ           ####......   19%         5    None
 Summon Mana Viper        Hex/Summ       ####....     19%         5    None
 Lehudib's Crystal Spear  Conj/Erth      ######....   38%         8    ######.
 Freezing Cloud           Conj/Ice/Air   ####......   45%         6    ##.....
 Orb of Destruction       Conj           ######....   54%         7    ####...
 Darkness                 Hex            ####......   67%         6    ##.....
 Invisibility             Hex            ####....     67%         6    ##.....
 Spellforged Servitor     Conj/Summ      #####.....   87%         7    ####...
 Monstrous Menagerie      Summ           ####......   99%         7    ####...


Dungeon Overview and Level Annotations

Branches:
Dungeon (14/15)            Temple (0/1) D:6            Lair (6/6) D:9
  Swamp (0/4) Lair:4        Snake (0/4) Lair:4        Slime (0/5) Lair:6
    Orc (2/2) D:9             Elf (0/3) Orc:2
 Vaults: D:13-14

Altars:
Ashenzari
Dithmenos
Elyvilon
Gozag
Makhleb
Okawaru
Ru
Sif Muna
Xom
The Shining One
Beogh
Jiyva

Shops:
D:3 *   D:5 (   D:6 =   D:9 :   D:10 }   Orc:2 ([*:

Annotations:
D:8 3 runed translucent doors, hitsuchi's ghost, novice FoFi
D:10 1 runed translucent door, aaksess's ghost, novice DDFi


Message History

Unknown command.
Unknown command.
Unknown command.
Unknown command.
Unknown command.
Unknown command.
Unknown command.
Unknown command.
Okay, then.
Okay, then.
Okay, then.
You fade into invisibility!
The meliai closely misses you. The meliai misses you.
The orc warrior closely misses you. The scorpion completely misses you.
The meliai completely misses you. The meliai closely misses you.
You are very lightly contaminated with residual magic.
There is a stone staircase leading up here.
The meliai hits you but does no damage. The meliai barely misses you.
The meliai misses you. The meliai stings you!
You die...

▒▒▒▒▒▒▒▒▒▒▒▒▒▒▒
▒··sp·········▒
▒▒▒··o▒@▒▒·▒▒▒▒·▒▒▒▒▒▒▒▒
▒·····y·▒▒·▒ ▒·········
▒·······▒▒·▒ ▒▒▒▒▒▒▒▒▒·
▒▒·······▒▒)▒ ▒·
···▒▒▒▒···········▒▒▒▒▒▒▒▒
▒·
········▒▒·······<·······▒
▒·
···▒▒▒▒·▒▒▒·▒▒▒▒·▒·······▒
▒·
·········▒▒····▒·▒·······▒
▒·
·········l▒▒▒▒·▒·········▒
▒·


You could see a vault guard, a meliai shaped shifter and a scorpion.

Vanquished Creatures
  Rupert (Lair:6)
  An orc warlord (Orc:2)
  A minotaur (Gauntlet)
  A fire dragon (D:14)
  Erolcha (D:11)
  Harold (D:11)
  2 hydras
  2 centaur warriors (D:13)
  2 two-headed ogres
  Erica (D:11)
  2 tengu warriors
  2 catoblepae
  4 orc high priests
  A skeletal warrior (D:12)
  2 sixfirhies (Gauntlet)
  An unseen horror (D:12)
  6 orc knights
  4 orc sorcerers
  2 ugly things (D:11)
  A moth of wrath (Gauntlet)
  2 cyclopes
  4 elephants (Lair:1)
  3 black mambas
  2 centaur zombies
  2 molten gargoyles (Lair:4)
  3 centaur skeletons
  A gargoyle (D:12)
  10 spiny frogs
  7 komodo dragons
  2 trolls
  A tengu conjurer (D:13)
  2 polar bears (Lair:5)
  32 blink frogs
  A queen bee (Gauntlet)
  A wind drake (shapeshifter) (D:14)
  7 hippogriffs
  10 dream sheep
  A shadow (D:12)
  3 wyverns
  A wraith (D:12)
  53 yaks
  A spriggan (D:13)
  Grum (Lair:1)
  A basilisk (D:14)
  3 vampire mosquitoes (D:12)
  A steam dragon (Lair:4)
  Menkaure (D:4)
  3 wargs (Orc:1)
  6 nagas (Lair:4)
  12 water moccasins
  8 porcupines
  2 sky beasts (D:13)
  5 ice beasts
  31 orc warriors
  3 phantoms
  4 boggarts (Lair:5)
  10 ogres
  20 wolves
  9 centaurs
  9 crocodiles
  8 big kobolds (D:5)
  16 bullfrogs
  A water moccasin zombie (D:8)
  3 scorpions
  10 killer bees
  9 wights
  5 electric eels (Lair:6)
  3 howler monkeys
  4 crimson imps
  5 lava snakes (Lair:4)
  A bullfrog zombie (D:13)
  8 hounds
  2 quasits
  A bullfrog skeleton (D:5)
  23 orc priests
  3 iguanas
  38 orc wizards
  10 worker ants
  A hound skeleton (D:8)
  A worker ant zombie (D:6)
  7 adders
  5 gnolls
  A howler monkey skeleton (D:5)
  3 shadow imps
  An ooze (D:4)
  2 adder zombies
  A worm (D:2)
  4 leopard geckos
  102 orcs
  11 bats
  10 giant cockroaches
  13 goblins
  6 hobgoblins
  6 jackals
  40 kobolds
  5 quokkas
  A ball python (D:1)
  3 frilled lizards
  A giant cockroach zombie (D:6)
  A jackal skeleton (D:4)
  7 rats
  7 fungi
  9 plants
714 creatures vanquished.

Vanquished Creatures (others)
  An ogre (D:5)
  An iguana (D:5)
  An adder skeleton (D:5)
  An orc (D:5)
  A ball python (D:5)
  A bush (Lair:6)
  22 fungi
  40 plants
  2 withered plants (D:10)
70 creatures vanquished.

Grand Total: 784 creatures vanquished

Notes
Turn   | Place    | Note
-------+----------+-------------------------------------------
     0 | D:1      | Azzok the Deep Elf Earth Elementalist began the quest for
                  | the Orb.
     0 | D:1      | Reached XP level 1. HP: 10/10 MP: 6/6
   235 | D:1      | Reached XP level 2. HP: 15/15 MP: 3/8
  1210 | D:2      | Reached skill level 4 in Spellcasting
  1243 | D:2      | Reached XP level 3. HP: 19/19 MP: 10/10
  1248 | D:2      | Learned a level 3 spell: Stone Arrow
  1624 | D:2      | Reached XP level 4. HP: 16/24 MP: 5/12
  1759 | D:2      | Reached skill level 5 in Spellcasting
  2202 | D:3      | Found an opulent altar of Gozag.
  2206 | D:3      | Found Gozag's Platinum Reserve.
  3265 | D:3      | Reached skill level 5 in Earth Magic
  3430 | D:4      | Reached XP level 5. HP: 28/28 MP: 12/15
  3552 | D:4      | Reached skill level 6 in Spellcasting
  3810 | D:4      | Reached XP level 6. HP: 29/32 MP: 5/17
  4077 | D:4      | Noticed Menkaure
  4081 | D:4      | Killed Menkaure
  4081 | D:4      | Reached skill level 7 in Spellcasting
  4346 | D:5      | Entered Level 5 of the Dungeon
  4464 | D:5      | Reached XP level 7. HP: 33/36 MP: 6/19
  4558 | D:5      | Found a shimmering altar of Xom.
  4715 | D:5      | Found a deep blue altar of Sif Muna.
  4719 | D:5      | Found a burning altar of Makhleb.
  4720 | D:5      | Found a sacrificial altar of Ru.
  4721 | D:5      | Found a white marble altar of Elyvilon.
  4723 | D:5      | Found a shattered altar of Ashenzari.
  4736 | D:5      | Became a worshipper of Sif Muna the Loreminder
  4914 | D:5      | Reached skill level 8 in Spellcasting
  5209 | D:5      | Found Vikhlole's Antique Weapon Emporium.
  5340 | D:5      | Learned a level 5 spell: Lee's Rapid Deconstruction
  5404 | D:5      | Reached * piety under Sif Muna
  6019 | D:5      | Reached skill level 9 in Spellcasting
  6019 | D:5      | Reached XP level 8. HP: 39/41 MP: 21/23
  6021 | D:5      | Reached ** piety under Sif Muna
  6430 | D:5      | Reached skill level 10 in Spellcasting
  7293 | D:6      | Reached skill level 11 in Spellcasting
  7352 | D:6      | Reached XP level 9. HP: 45/45 MP: 26/26
  7406 | D:6      | Found a staircase to the Ecumenical Temple.
  7645 | D:6      | Found Omusasm's Jewellery Shoppe.
  8079 | D:7      | Reached skill level 10 in Earth Magic
  8168 | D:7      | Reached *** piety under Sif Muna
  8168 | D:7      | Reached skill level 1 in Invocations
  8280 | D:7      | Found a shadowy altar of Dithmenos.
  9130 | D:8      | Reached skill level 12 in Spellcasting
  9333 | D:8      | Found a runed translucent gate.
  9336 | D:8      | Found a runed translucent gate.
  9336 | D:8      | Found a runed translucent gate.
  9338 | D:8      | Noticed a ten-headed hydra
  9338 | D:8      | Noticed hitsuchi's ghost (novice FoFi)
  9520 | D:8      | Found a glowing golden altar of the Shining One.
  9748 | D:8      | Found an opulent altar of Gozag.
  9748 | D:8      | Found an iron altar of Okawaru.
 10186 | D:9      | Found a staircase to the Orcish Mines.
 10195 | D:9      | Noticed a two-headed ogre
 10207 | D:9      | Killed a two-headed ogre
 10207 | D:9      | Reached XP level 10. HP: 16/50 MP: 26/28
 10483 | D:9      | Found Dievonus's Book Boutique.
 10529 | D:9      | Reached skill level 5 in Invocations
 10539 | D:9      | Reached skill level 13 in Spellcasting
 10945 | D:9      | Reached **** piety under Sif Muna
 11103 | D:9      | Found a staircase to the Lair.
 11297 | D:10     | Entered Level 10 of the Dungeon
 11453 | D:10     | Found Muziec's Gadget Boutique.
 12057 | D:10     | Found a runed translucent door.
 12057 | D:10     | Noticed aaksess's ghost (novice DDFi)
 12107 | D:11     | Noticed Harold
 12121 | D:11     | Killed Harold
 12317 | D:11     | Noticed a cyclops
 12318 | D:11     | Reached skill level 14 in Spellcasting
 12509 | D:11     | Killed a cyclops
 12509 | D:11     | Reached XP level 11. HP: 54/54 MP: 31/31
 12597 | D:11     | Noticed Erica
 12600 | D:11     | Killed Erica
 12723 | D:11     | Noticed Erolcha
 12812 | D:11     | Noticed a white ugly thing
 12817 | D:11     | Killed a white ugly thing
 12975 | D:11     | Killed Erolcha
 13582 | D:12     | Noticed a cyan ugly thing
 13601 | D:11     | Killed a cyan ugly thing
 14025 | D:12     | Reached skill level 15 in Spellcasting
 14603 | D:12     | Killed an unseen horror
 14622 | D:12     | Noticed a skeletal warrior
 14635 | D:12     | Killed a skeletal warrior
 15292 | Lair:1   | Entered Level 1 of the Lair of Beasts
 15337 | Lair:1   | Found a gate leading to a gauntlet.
 15348 | Gauntlet | Entered a Gauntlet
 15348 | Gauntlet | Found a transporter.
 15367 | Gauntlet | Found a transporter.
 15369 | Gauntlet | Found a transporter.
 15378 | Gauntlet | Found a transporter.
 15380 | Gauntlet | Found a transporter.
 15382 | Gauntlet | Noticed a sixfirhy
 15384 | Gauntlet | Found a runed translucent door.
 15384 | Gauntlet | Noticed a sixfirhy
 15386 | Gauntlet | Found a runed translucent door.
 15389 | Gauntlet | Found a transporter.
 15404 | Gauntlet | Found a transporter.
 15408 | Gauntlet | Found a runed translucent door.
 15415 | Gauntlet | Found a transporter.
 15422 | Gauntlet | Noticed a catoblepas
 15424 | Gauntlet | Found a runed translucent gate.
 15425 | Gauntlet | Found a transporter.
 15425 | Gauntlet | Found a runed translucent gate.
 15426 | Gauntlet | Found a runed translucent gate.
 15439 | Gauntlet | Found a transporter.
 15453 | Gauntlet | Found a transporter.
 15455 | Gauntlet | Found a transporter.
 15462 | Gauntlet | Found the ring of Phasing {EV+8}
 15494 | Gauntlet | Reached XP level 12. HP: 54/59 MP: 33/33
 15552 | Gauntlet | Found a transporter.
 15555 | Gauntlet | Reached ***** piety under Sif Muna
 15555 | Gauntlet | Identified Sif Muna's Volume of Battle Magic and Creation
                  | (Sif Muna gifted it to you in a Gauntlet)
 15555 | Gauntlet | Received a gift from Sif Muna
 15615 | Gauntlet | Reached skill level 10 in Invocations
 15622 | Gauntlet | Got a pair of smoking boots
 15626 | Gauntlet | Got a twisted helmet
 15709 | Gauntlet | Noticed a minotaur
 15716 | Gauntlet | Killed a minotaur
 15895 | Lair:1   | Noticed Grum
 15899 | Lair:1   | Killed Grum
 16140 | Lair:1   | Reached skill level 16 in Spellcasting
 16452 | Lair:1   | Identified the +1 helmet of Pessimism {rF+++ Str-2 Int-2
                  | Dex+3} (You found it in a Gauntlet)
 16727 | Lair:1   | Noticed a six-headed hydra
 16731 | Lair:1   | Killed a six-headed hydra
 17659 | Lair:2   | Reached XP level 13. HP: 63/63 MP: 35/35
 17836 | Lair:2   | Reached skill level 17 in Spellcasting
 18182 | Lair:2   | Received a gift from Sif Muna
 18460 | Lair:2   | Reached skill level 1 in Conjurations
 18460 | Lair:2   | Reached skill level 15 in Earth Magic
 19632 | Lair:3   | Identified the +1 pair of boots of Tyecaduz {rC+ Str+4
                  | Stlth+} (You found it in a Gauntlet)
 20266 | Lair:4   | Learned a level 6 spell: Iron Shot
 20710 | Lair:4   | Reached skill level 5 in Dodging
 21131 | Lair:4   | Found a staircase to the Snake Pit.
 21221 | Lair:4   | Found a staircase to the Swamp.
 21823 | Lair:5   | Identified Sif Muna's Tome of Execration and the Mountains
                  | (Sif Muna gifted it to you on level 5 of the Lair of
                  | Beasts)
 21823 | Lair:5   | Received a gift from Sif Muna
 21841 | Lair:5   | Learned a level 9 spell: Shatter
 21908 | Lair:5   | Found a shattered altar of Ashenzari.
 22105 | Lair:5   | Reached skill level 18 in Spellcasting
 22105 | Lair:5   | Reached skill level 5 in Conjurations
 22775 | Lair:6   | Entered Level 6 of the Lair of Beasts
 22862 | Lair:6   | Reached XP level 14. HP: 68/68 MP: 38/38
 23002 | Lair:6   | Noticed Rupert
 23052 | Lair:6   | Killed Rupert
 23398 | D:6      | Bought the ring "Goharyne" {Wiz +Blink rC- rN++ Str+4} for
                  | 782 gold pieces
 24279 | Lair:6   | Found a viscous altar of Jiyva.
 24279 | Lair:6   | Found a staircase to the Slime Pits.
 25012 | Orc:1    | Entered Level 1 of the Orcish Mines
 25498 | Orc:2    | Entered Level 2 of the Orcish Mines
 25706 | Orc:2    | Found a staircase to the Elven Halls.
 25753 | Orc:2    | Noticed an orc warlord
 25888 | Orc:2    | Identified Sif Muna's Catalogue of Malediction (Sif Muna
                  | gifted it to you on level 2 of the Orcish Mines)
 25888 | Orc:2    | Received a gift from Sif Muna
 26266 | Orc:2    | Killed an orc warlord
 26271 | Orc:1    | Reached skill level 19 in Spellcasting
 27367 | Orc:2    | Found a roughly hewn altar of Beogh.
 28550 | Orc:2    | Identified Fugit's Papyrus of Cloudy Creation (Sif Muna
                  | gifted it to you on level 2 of the Orcish Mines)
 28550 | Orc:2    | Received a gift from Sif Muna
 29111 | Orc:2    | Found Pykiemin's General Store.
 29112 | Orc:2    | Found Wesuon's Book Shop.
 29113 | Orc:2    | Found Gacaydul's Antique Armour Boutique.
 29113 | Orc:2    | Found Wueffaig's Antique Weapon Boutique.
 31042 | D:14     | Reached skill level 1 in Shields
 31060 | D:14     | HP: 1/68 [vault guard/+0 great sword (3)]
 31063 | D:14     | Slain by a meliai (shapeshifter)

Levels and vault maps discovered:
D:1:      minmay_arrival_solitary_statue, layout_basic
D:2:      layout_rooms
D:3:      layout_loops_ring, nicolae_gozag_zags_fifth_avenue
D:4:      layout_rooms, first_ration, uniq_menkaure
D:5:      minmay_goblin_kobold_castle, layout_basic, xom_confusion_cloud,
          minitemple, serial_shops, shop
D:6:      layout_loops_ring, minmay_temple_entry_slanted, serial_shops,
          kennysheep_mini, grunt_ministairs_13
D:7:      layout_loops_ring, grunt_dithmenos_smoke_and_mirrors
D:8:      layout_cave_pools, nicolae_tso_carved_into_rock,
          gammafunk_temple_overflow_pools, gammafunk_ghost_hydra_chop,
          serial_rivers, chequers_serial_rivers_small_3,
          chequers_serial_rivers_large_a, chequers_serial_rivers_room_b,
          chequers_serial_rivers_micro_e
D:9:      layout_basic, david_lair_shrubbed, david_orc_2, serial_shops,
          kennysheep_little_box
D:10:     layout_basic, gammafunk_ghost_grave, serial_shops, shop
D:11:     layout_cave_pools, uniq_harold, uniq_erolcha, uniq_erica
D:12:     layout_basic
D:13:     layout_loops_ring, the_bakery
D:14:     layout_loops_cross, david_vaults_5
Lair:1:   layout_cave_pods, gauntlet_entry_generic, hibernation_bobbens,
          uniq_grum
Lair:2:   layout_long_grid, beast_lair_carwin_1
Lair:3:   layout_roguey, beast_lair_carwin_3
Lair:4:   cheibrodos_magma_flow, layout_long_grid, swamp_mist_pool,
          minmay_snake_entry_guardpost_large
Lair:5:   layout_concentric_octagons, basic_altar, kilobyte_rumbling_trees
Lair:6:   due_jungle_book, layout_long_grid, slime_altar_1, serial_bayou,
          serial_bayou_shore_a, serial_bayou_crossing, serial_bayou_ford_a,
          serial_bayou_pond_a, uniq_rupert
Orc:1:    layout_caves, mines_bat_river
Orc:2:    st_orc_congregation, layout_caves, basic_altar

Skill      XL: |  1  2  3  4  5  6  7  8  9 10 11 12 13 14 |
---------------+-------------------------------------------+-----
Spellcasting   | 4 5 6 7 9 11 12 14 15 16 18 19 | 19.9
Earth Magic    | 4 5 6 7 9 11 12 13 14 15 17 | 17.3
Invocations    | 4 7 9 11 12 | 12.0
Conjurations   | 5 |  5.0
Dodging        | 6 |  6.0
Shields        | 1 |  1.0
Stealth        | |  2.4
Transmutations | |  1.1

Action                   |  1- 3 |  4- 6 |  7- 9 | 10-12 | 13-15 || total
-------------------------+-------+-------+-------+-------+-------++-------
Melee: Dagger            |    33 |    34 |     2 |       |       ||    69
 Cast: Sandblast         |    27 |    18 |    97 |   121 |   204 ||   467
       Stone Arrow       |     3 |    38 |    79 |    15 |       ||   135
       Lee's Rapid Decon |       |       |    26 |   153 |   229 ||   408
       Iron Shot         |       |       |       |       |    95 ||    95
       Shatter           |       |       |       |       |     4 ||     4
Evoke: Wand              |       |       |       |       |     5 ||     5
  Use: Scroll            |       |       |     5 |     7 |     6 ||    18
       Potion            |       |       |       |     5 |     5 ||    10
 Stab: Sleeping          |     2 |       |       |       |       ||     2
  Eat: Chunk             |     2 |    10 |    13 |    18 |    22 ||    65
       Ration            |       |       |     3 |     2 |     8 ||    13
Armor: Robe              |     6 |     6 |     7 |    11 |    20 ||    50
Dodge: Dodged            |    21 |    28 |    48 |    49 |   116 ||   262

Table legend:
 A = Non-vault XP
 B = Vault XP
 C = Vault XP percentage of total XP
 D = Non-vault monster count
 E = Vault monster count
 F = Vault count percentage of total count
                 A         B        C        D         E       F
            +---------+---------+-------+---------+---------+-------
      Total |   68052 |   31278 |  31.5 |     500 |     198 |  28.4
            +---------+---------+-------+---------+---------+-------
        D:1 |      30 |       0 |   0.0 |      18 |       0 |   0.0
        D:2 |     111 |       0 |   0.0 |      21 |       0 |   0.0
        D:3 |      43 |       0 |   0.0 |      18 |       0 |   0.0
        D:4 |     301 |     172 |  36.4 |      16 |       1 |   5.9
        D:5 |     312 |    1018 |  76.5 |      18 |      51 |  73.9
        D:6 |     716 |     142 |  16.6 |      15 |       2 |  11.8
        D:7 |    1017 |       0 |   0.0 |      28 |       0 |   0.0
        D:8 |     870 |       0 |   0.0 |      21 |       0 |   0.0
        D:9 |    3434 |     404 |  10.5 |      26 |       8 |  23.5
       D:10 |    1263 |       0 |   0.0 |       9 |       0 |   0.0
       D:11 |    4341 |    2855 |  39.7 |      20 |       3 |  13.0
       D:12 |    4528 |       0 |   0.0 |      36 |       0 |   0.0
       D:13 |    5722 |     205 |   3.5 |      31 |       1 |   3.1
       D:14 |     914 |    1517 |  62.4 |       2 |       3 |  60.0
     Lair:1 |    7370 |    1133 |  13.3 |      26 |       6 |  18.8
     Lair:2 |   10330 |    1168 |  10.2 |      41 |       6 |  12.8
     Lair:3 |    3393 |    1040 |  23.5 |      14 |       4 |  22.2
     Lair:4 |    7030 |    2099 |  23.0 |      35 |      13 |  27.1
     Lair:5 |    4353 |    1197 |  21.6 |      17 |       7 |  29.2
     Lair:6 |    5190 |    3079 |  37.2 |      26 |       1 |   3.7
      Orc:1 |    4070 |    2280 |  35.9 |      31 |       9 |  22.5
      Orc:2 |    2714 |    8703 |  76.2 |      31 |      70 |  69.3
   Gauntlet |       0 |    4266 | 100.0 |       0 |      13 | 100.0
            +---------+---------+-------+---------+---------+-------
